 Dungeon Crawl Stone Soup version 0.29-b1-12-g9e2288ab2a (webtiles) character file.

Game seed: 13427791700925275766

216 brightshaft the Chopper (level 5, -7/47 HPs)
             Began as a Gnoll Cinder Acolyte on Aug 24, 2022.
             Was a High Priest of Ignis.
             Mangled by a gnoll
             ... wielding a +0 spear
              (8 damage)
             ... on level 4 of the Dungeon.
             The game lasted 00:06:04 (4203 turns).

brightshaft the Chopper (Gnoll Cinder Acolyte)      Turns: 4203, Time: 00:06:04

Health: -7/47      AC:  8    Str: 13    XL:     5   Next: 93%
Magic:  10/10      EV: 10    Int: 16    God:    Ignis [*****.]
Gold:   139        SH:  0    Dex:  7    Spells: 8/10 levels left

rFire   + . .      SeeInvis .   a - +0 hand axe (flame)
rCold   . . .      Faith    .   (no shield)
rNeg    . . .      Spirit   .   q - +0 ring mail
rPois   .          Reflect  .   (no helmet)
rElec   .          Harm     .   j - +1 cloak
rCorr   .          Rampage  .   h - +0 pair of gloves
Will    .....                   (no boots)
Stlth   +.........              (no amulet)
HPRegen 0.15/turn               (no ring)
MPRegen 0.12/turn               (no ring)

@: no status effects
A: fangs 1, strong nose, distributed training
a: Renounce Religion, Fiery Armour, Foxfire Swarm


You were on level 4 of the Dungeon.
You worshipped Ignis.
Ignis was extremely pleased with you.
You visited 1 branch of the dungeon, and saw 4 of its levels.

You collected 139 gold pieces.

Inventory:

Hand Weapons
 a - a +0 hand axe of flaming (weapon)
 b - a +0 sling
Missiles
 m - 6 poisoned darts
Armour
 h - a +0 pair of gloves (worn)
 j - a +1 cloak (worn)
 p - a +0 robe
 q - a +0 ring mail (worn)
Jewellery
 d - a ring of ice
 r - a +4 ring of protection
 u - a ring of magical power
Scrolls
 c - a scroll of identify
 l - a scroll of poison {unknown}
 n - a scroll of enchant weapon
 o - a scroll of amnesia
 w - a scroll of magic mapping
Potions
 e - a potion of berserk rage {unknown}
 f - a potion of degeneration {unknown}
 g - 3 potions of curing
 i - a potion of brilliance {unknown}
 k - 3 potions of flight
 v - a potion of mutation


   Skills:
 + Level 6.8 Fighting
 + Level 1.8 Short Blades
 + Level 1.8 Long Blades
 + Level 6.8 Axes
 + Level 1.8 Maces & Flails
 + Level 1.8 Polearms
 + Level 1.8 Staves
 + Level 1.8 Ranged Weapons
 + Level 1.8 Throwing
 + Level 1.8 Armour
 + Level 1.8 Dodging
 + Level 1.8 Stealth
 + Level 1.8 Shields
 + Level 1.8 Unarmed Combat
 + Level 3.3 Spellcasting
 + Level 1.4 Conjurations
 + Level 1.4 Hexes
 + Level 1.4 Summonings
 + Level 1.4 Necromancy
 + Level 1.4 Translocations
 + Level 1.4 Transmutations
 + Level 5.6 Fire Magic
 + Level 1.4 Ice Magic
 + Level 1.4 Air Magic
 + Level 1.4 Earth Magic
 + Level 1.4 Poison Magic
 + Level 2.0 Invocations
 + Level 1.8 Evocations


You had 8 spell levels left.
You knew the following spells:

 Your Spells              Type           Power      Damage    Failure   Level
a - Scorch                Fire           40%        2d7       6%          2

Your spell library contained the following spells:

 Spells                   Type           Power      Damage    Failure   Level


Dungeon Overview and Level Annotations

Branches:
Dungeon (4/15)
 Temple: D:4-7

Altars:
Dithmenos

Annotations:
D:4 Grinder, Natasha


Innate Abilities, Weirdness & Mutations

You have very sharp teeth.
Your uncanny sense of smell can sniff out nearby items.
Your experience applies equally to all skills.


Message History

You kill the adder!
You barely miss something. Something hits you but does no damage.
Something hits you.
You see here an adder corpse.
Something hits you but does no damage. Something hits you but does no damage.
Something hits you but does no damage. Something hits you.
You hear some strange, mumbled words.
A puff of flame appears from out of thin air!
The puff of flame hits you. You resist.
* * * LOW HITPOINT WARNING * * *
The gnoll closely misses you.
You hear some strange, mumbled words.
Something tries to affect you, but you resist.
You hit something but do no damage. Your bite misses something.
The gnoll hits you but does no damage.
You hear some strange, mumbled words.
Something tries to affect you, but you resist.
You closely miss something.
The gnoll hits you from afar with a +0 spear.
* * * LOW HITPOINT WARNING * * *
Something hits you.
* * * LOW HITPOINT WARNING * * *
You barely miss something. You barely miss something.
Your bite misses something. The gnoll closely misses you. Something hits you.
* * * LOW HITPOINT WARNING * * *
You hit something. You burn something. The gnoll closely misses you.
You hear some strange, mumbled words.
A magic dart appears from out of thin air!
The magic dart hits you.
* * * LOW HITPOINT WARNING * * *
You hit something. You burn something. Something hits you.
* * * LOW HITPOINT WARNING * * *
The gnoll hits you from afar with a +0 spear.
* * * LOW HITPOINT WARNING * * *
You hit something but do no damage. Something hits you but does no damage.
The gnoll hits you from afar with a +0 spear!
You die...

##### ....###
......########## ##
##..#..........# #.
...........###.#
#.#####........#
#)#
#ggg{@......##.#
#)#
#.o#####.##.##.#
#)# #..#
#.##.##.###.###
#..#
#..............
#g†#
#....#..###.###
#.o#####.##.#..#
#.# # #........##.#
.# #.### ##
#g###..####.# .#
#....
...####.†...†.....#
# #####


You could see 3 gnolls and an orc.

Vanquished Creatures
  An orc priest (D:4)
  3 orc wizards (D:4)
  An adder (D:4)
  2 worms (D:3)
  4 dart slugs (D:1)
  8 orcs (D:4)
  8 endoplasms
  10 giant cockroaches
  7 goblins
  5 hobgoblins
  2 jackals (D:4)
  4 kobolds
  3 quokkas
  5 ball pythons
  2 bats (D:2)
  4 frilled lizards
  4 rats
  A spectral goblin (D:1)
74 creatures vanquished.

Vanquished Creatures (others)
  5 foxfires (D:4)
5 creatures vanquished.

Grand Total: 79 creatures vanquished

Notes
Turn   | Place    | Note
-------+----------+-------------------------------------------
     0 | D:1      | brightshaft the Gnoll Cinder Acolyte began the quest for
                  | the Orb.
     0 | D:1      | Reached XP level 1. HP: 23/23 MP: 4/4
   199 | D:1      | Reached XP level 2. HP: 24/29 MP: 5/5
   206 | D:1      | Learned a level 2 spell: Scorch
  1147 | D:1      | Found a faded altar of an unknown god.
  1163 | D:1      | Reached XP level 3. HP: 33/34 MP: 7/7
  1698 | D:2      | Reached skill level 1 in Invocations
  2075 | D:2      | Reached skill level 1 in Short Blades
  2075 | D:2      | Reached skill level 1 in Long Blades
  2075 | D:2      | Reached skill level 1 in Maces & Flails
  2075 | D:2      | Reached skill level 1 in Polearms
  2075 | D:2      | Reached skill level 1 in Staves
  2075 | D:2      | Reached skill level 1 in Ranged Weapons
  2075 | D:2      | Reached skill level 1 in Throwing
  2075 | D:2      | Reached skill level 1 in Armour
  2075 | D:2      | Reached skill level 1 in Dodging
  2075 | D:2      | Reached skill level 1 in Stealth
  2075 | D:2      | Reached skill level 1 in Shields
  2075 | D:2      | Reached skill level 1 in Unarmed Combat
  2075 | D:2      | Reached skill level 1 in Evocations
  2483 | D:3      | Reached XP level 4. HP: 37/41 MP: 8/8
  2618 | D:3      | Found a shadowy altar of Dithmenos.
  2704 | D:3      | You fall into a shaft and drop 1 floor!
  2705 | D:4      | Noticed Natasha
  2708 | D:4      | Noticed Grinder
  3690 | D:4      | Reached skill level 1 in Conjurations
  3690 | D:4      | Reached skill level 1 in Hexes
  3690 | D:4      | Reached skill level 1 in Summonings
  3690 | D:4      | Reached skill level 1 in Necromancy
  3690 | D:4      | Reached skill level 1 in Translocations
  3690 | D:4      | Reached skill level 1 in Transmutations
  3690 | D:4      | Reached skill level 1 in Ice Magic
  3690 | D:4      | Reached skill level 1 in Air Magic
  3690 | D:4      | Reached skill level 1 in Earth Magic
  3690 | D:4      | Reached skill level 1 in Poison Magic
  3710 | D:4      | Reached XP level 5. HP: 6/47 MP: 2/9
  4202 | D:4      | HP: 1/47 [gnoll/+0 spear (5)]
  4203 | D:4      | Mangled by a gnoll

Illustrated notes

Levels and vault maps discovered:
D:1:      psy_arrival_conway, layout_basic,
          dreamdust_ecumenical_altar_drowned_temple, serial_co_window_serial,
          co_window_corner_a, co_window_paths_b, co_window_of_opportunity_a,
          co_window_cross_1, co_window_paths_a, co_window_broadway_a,
          co_window_paths_c, co_window_corner_cb, co_window_2corner,
          co_window_corner_cb, co_window_corner_b, co_window_of_opportunity_c,
          co_window_paths_d, glass_columns_a, glass_columns_a, glass_columns_a,
          serial_bayou_pond_d, serial_park_tiny_1
D:2:      minmay_roachtagon, layout_rooms, minivault_11, grunt_ministairs_9,
          minmay_misc_feat_nine_boxes
D:3:      layout_basic, mainiacjoe_overflow_24_doors
D:4:      layout_loops_ring, nicolae_figureground_sparkle, uniq_grinder,
          uniq_natasha, uniq_sigmund

Skill      XL: |  1  2  3  4  5 |
---------------+----------------+-----
Invocations    | 1 2 |  2.0
Short Blades   | 1 |  1.8
Long Blades    | 1 |  1.8
Maces & Flails | 1 |  1.8
Polearms       | 1 |  1.8
Staves         | 1 |  1.8
Ranged Weapons | 1 |  1.8
Throwing       | 1 |  1.8
Armour         | 1 |  1.8
Dodging        | 1 |  1.8
Stealth        | 1 |  1.8
Shields        | 1 |  1.8
Unarmed Combat | 1 |  1.8
Evocations     | 1 |  1.8
Spellcasting   | 3 |  3.3
Conjurations   | 1 |  1.4
Hexes          | 1 |  1.4
Summonings     | 1 |  1.4
Necromancy     | 1 |  1.4
Translocations | 1 |  1.4
Transmutations | 1 |  1.4
Ice Magic      | 1 |  1.4
Air Magic      | 1 |  1.4
Earth Magic    | 1 |  1.4
Poison Magic   | 1 |  1.4
Fighting       | |  6.8
Axes           | |  6.8
Fire Magic     | |  5.6

Action                   |  1- 3 |  4- 6 || total
-------------------------+-------+-------++-------
Melee: Hand axe          |    87 |   110 ||   197
       Bite              |     6 |     7 ||    13
       Punch             |     1 |     3 ||     4
 Fire: Sling             |    73 |       ||    73
 Cast: Scorch            |     6 |     2 ||     8
Invok: Foxfire Swarm     |       |     1 ||     1
       Rising Flame      |       |     1 ||     1
  Use: Scroll            |     4 |     4 ||     8
       Potion            |       |     2 ||     2
Armor: Robe              |    64 |       ||    64
       Ring mail         |     2 |    86 ||    88
Dodge: Dodged            |   103 |    63 ||   166
